 Dungeon Crawl Stone Soup version 0.18-a0-1797-gc18daef (webtiles) character file.

1285 M4edhros the Covert (level 8, 0/48 HPs)
             Began as an Octopode Artificer on Apr 23, 2016.
             Slain by Prince Ribbit (20 damage)
             ... on level 6 of the Dungeon.
             The game lasted 00:07:59 (4771 turns).

M4edhros the Covert (Octopode Artificer)            Turns: 4771, Time: 00:08:00

Health: 0/48       AC:  2    Str: 10    XL:     8   Next: 55%
Magic:  18/18      EV: 16    Int: 15    God:
Gold:   246        SH:  0    Dex: 14    Spells: 0 memorised, 7 levels left

rFire  + . .     SeeInvis .     a - +0 short sword
rCold  x . .     Gourm    .     (no shield)
rNeg   . . .     Faith    .     (helmet restricted)
rPois  .         Spirit   .     (no amulet)
rElec  .         Dismiss  .     l - +1 ring of protection
rCorr  .         Reflect  .     j - ring of sustain attributes
SustAt +         Harm     .     v - ring of magical power
MR     .....                    y - ring of fire
Stlth  ++++++....               (no ring)
                                (no ring)
                                (no ring)
                                (no ring)

@: not resistant to hostile enchantments, very stealthy
A: almost no armour, amphibious, 8 rings, constrict 8, camouflage 1, low mp 1,
gelatinous body 1
a: no special abilities


You were on level 6 of the Dungeon.
You were not hungry.

You visited 1 branch of the dungeon, and saw 6 of its levels.
You also visited: Ossuary.

You collected 246 gold pieces.

Inventory:

Hand Weapons
 a - a +0 short sword (weapon)
Missiles
 e - 42 sling bullets
 i - 168 stones (quivered)
Jewellery
 j - a ring of sustain attributes (right tentacle)
 l - a +1 ring of protection (left tentacle)
 v - a ring of magical power (on tentacle)
 y - a ring of fire (on tentacle)
Wands
 b - a wand of flame (0/48)
 c - a wand of enslavement (10/24)
 d - a wand of random effects (4/48)
Scrolls
 g - 4 scrolls of identify
 h - a scroll of enchant armour
 k - a scroll of noise
 n - 3 scrolls of amnesia
 o - a scroll of teleportation
 q - a scroll of recharging
 w - a scroll of blinking {unknown}
 x - 3 scrolls of remove curse {unknown}
 B - a scroll of fear
Potions
 t - a potion of might
 u - a potion of curing
 A - a potion of brilliance
Books
 r - a book of Unlife

   Spells                             Type                      Level
   a - Recall                         Summoning/Translocation      3
   b - Animate Dead                   Necromancy                   4
   c - Control Undead                 Necromancy                   4
   d - Cigotuvi's Embrace             Necromancy                   5
   e - Death Channel                  Necromancy                   6
   f - Simulacrum                     Ice/Necromancy               6
Comestibles
 f - 3 bread rations
 m - 8 fruits
 p - 2 meat rations
 s - a beef jerky
 z - a royal jelly


   Skills:
 - Level 1.0 Fighting
 - Level 1.0 Short Blades
 + Level 7.5 Dodging
 - Level 10.0 Stealth
 - Level 3.2 Evocations


You had 7 spell levels left.
You didn't know any spells.

Dungeon Overview and Level Annotations

Branches:
Dungeon (6/15)
 Temple: D:4-7

Altars:
The Shining One

Annotations:
D:2 Jessica, Natasha
D:5 Eustachio, Pikel
D:6 Prince Ribbit


Innate Abilities, Weirdness & Mutations

You cannot wear most types of armour.
You are amphibious.
You can wear up to eight rings at the same time.
You can use your tentacles to constrict eight enemies at once.
Your skin changes colour to match your surroundings (Stealth).
Your rubbery body absorbs attacks (AC +1).
Your magical capacity is low (-10% MP).


Message History

Evoke which item? (* to show all) (? for menu, Esc to quit)
Zapping:
d - a wand of random effects (7/48)
Press: ? - help, Shift-Dir - straight line, f/p - Prince Ribbit
Aim: Prince Ribbit Prince Ribbit easily resists.
This wand has 6 charges left.
Evoke which item? (* to show all) (? for menu, Esc to quit)
Zapping:
d - a wand of random effects (6/48)
Press: ? - help, Shift-Dir - straight line, f/p - Prince Ribbit
Aim: Prince Ribbit Prince Ribbit easily resists.
This wand has 5 charges left.
Evoke which item? (* to show all) (? for menu, Esc to quit)
Zapping:
d - a wand of random effects (5/48)
Press: ? - help, Shift-Dir - straight line, f/p - Prince Ribbit
Aim: Prince Ribbit Prince Ribbit easily resists.
This wand has 4 charges left.
You barely miss Prince Ribbit. Your grab misses Prince Ribbit.
Prince Ribbit hits you! x2
You miss Prince Ribbit. You grab Prince Ribbit. You constrict Prince Ribbit.
Prince Ribbit hits you!!
You die...

####.###..................#
#................#######.##
#.##.###.........# #.# # #.#
#.........# #.#
###.##)###.........# #.#
.......(##.......### #.#
#.#..)((.#######.# #.# .#####..#
#.# #.# ........# ##@## #.###
#######.# ##.F.## #...# ###.#
##.....## ###.# ######.#.#
#.......## ##.#.#
.........###.........####..<.####
###.......'.........'.....).....
##....###.........####..).####
##.#.# ##.......## ##.#..#
#.....# ##.....## ####.#


You could see Prince Ribbit.

Vanquished Creatures
  A black bear (D:6)
  An ogre (D:4)
  A sky beast (D:6)
  The ghost of M4edhros the Grave Robber, an amateur OpNe (D:4)
  An elf zombie (Ossuary)
  3 giant frogs
  A crimson imp (D:6)
  2 centaur zombies (Ossuary)
  A human zombie (Ossuary)
  A centaur skeleton (D:6)
  An orc priest (D:4)
  2 giant frog skeletons
  6 orc wizards
  A big kobold zombie (Ossuary)
  3 hound zombies (Ossuary)
  A worker ant zombie (D:4)
  3 mummies (Ossuary)
  A gnoll (D:5)
  4 adders
  2 shadow imps
  An ooze (D:4)
  4 adder zombies
  A worm (D:1)
  3 giant geckos
  21 orcs
  2 giant cockroaches
  6 goblins (D:1)
  6 hobgoblins
  5 kobolds
  3 quokkas
  2 bats
  A giant gecko skeleton (D:6)
  3 giant newts
  A gnoll zombie (Ossuary)
  5 goblin zombies
  6 hobgoblin zombies (Ossuary)
  4 jackal zombies (Ossuary)
  5 kobold zombies (Ossuary)
  4 rats
  3 rat zombies (Ossuary)
123 creatures vanquished.

Vanquished Creatures (collateral kills)
  4 orcs (D:4)
4 creatures vanquished.

Vanquished Creatures (others)
  An orc priest (D:4)
1 creature vanquished.

Grand Total: 128 creatures vanquished

Notes
Turn   | Place    | Note
--------------------------------------------------------------
     0 | D:1      | M4edhros the Octopode Artificer began the quest for the Orb.
     0 | D:1      | Reached XP level 1. HP: 13/13 MP: 3/3
    89 | D:1      | Reached skill level 2 in Stealth
   150 | D:1      | Reached XP level 2. HP: 18/18 MP: 4/4
   179 | D:1      | Reached skill level 3 in Stealth
   819 | D:2      | Reached skill level 4 in Stealth
   854 | D:2      | Reached XP level 3. HP: 23/23 MP: 5/5
   865 | D:2      | Noticed Natasha
   866 | D:2      | Noticed Jessica
   894 | D:3      | Noticed a giant frog
   903 | D:3      | Killed a giant frog
   903 | D:3      | Reached skill level 6 in Stealth
   903 | D:3      | Reached XP level 4. HP: 25/28 MP: 6/6
   989 | D:3      | Found a glowing golden altar of the Shining One.
  1044 | D:3      | Reached XP level 5. HP: 33/33 MP: 7/7
  1184 | D:3      | Reached skill level 7 in Stealth
  1344 | D:4      | Noticed an ogre
  1386 | D:4      | Killed an ogre
  1386 | D:4      | Reached skill level 8 in Stealth
  1386 | D:4      | Reached XP level 6. HP: 21/38 MP: 8/8
  1519 | D:4      | Reached skill level 9 in Stealth
  2134 | D:4      | Reached skill level 10 in Stealth
  2255 | D:4      | Noticed M4edhros's ghost (amateur OpNe)
  2264 | D:4      | Killed M4edhros's ghost
  2264 | D:4      | Reached XP level 7. HP: 12/43 MP: 9/9
  2550 | D:5      | Entered Level 5 of the Dungeon
  2628 | D:5      | Found a sand-covered staircase.
  2635 | Ossuary  | Entered an ossuary
  3800 | Ossuary  | Reached skill level 5 in Dodging
  3976 | D:5      | Noticed Pikel
  3987 | D:5      | Noticed Eustachio
  4092 | D:6      | Reached XP level 8. HP: 33/48 MP: 10/10
  4148 | D:6      | Noticed Prince Ribbit
  4621 | D:6      | Gained mutation: Your magical capacity is low (-10% MP). [mutagenic meat]
  4771 | D:6      | Slain by Prince Ribbit

Vault maps used:
D:1:      dpeg_chamrin_arrival_tetris
D:2:      serial_glass, glass_columns_a, glass_columns_b,
          minmay_strange_pillars, uniq_jessica, uniq_iyjb, uniq_natasha
D:3:      minmay_stone_trees_small, tso_metal_star
D:5:      slow_altar_2, enter_ossuary_4, first_bread, uniq_eustachio, uniq_pikel
D:6:      uniq_prince_ribbit1
Ossuary:  minmay_ossuary_two_tombs

Skill      XL: |  1  2  3  4  5  6  7  8 |
---------------+-------------------------+-----
Stealth        | 2 4 6 8 10 | 10.0
Dodging        | 5 7 |  7.5
Fighting       | |  1.0
Short Blades   | |  1.0
Evocations     | |  3.2

Action                   |  1- 3 |  4- 6 |  7- 9 || total
-------------------------+-------+-------+-------++-------
Melee: Short sword       |    38 |   114 |   193 ||   345
       Constrict         |     9 |    18 |    51 ||    78
       Tentacles         |     5 |    14 |    44 ||    63
Evoke: Wand              |     3 |    17 |    11 ||    31
  Use: Potion            |     2 |     6 |     1 ||     9
       Scroll            |       |     5 |     2 ||     7
 Stab: Sleeping          |     9 |     8 |    21 ||    38
       Distracted        |       |     1 |     1 ||     2
  Eat: Chunk             |       |     4 |     5 ||     9
       Meat ration       |       |       |     1 ||     1
Armor: Skin              |       |    48 |    28 ||    76
Dodge: Dodged            |    16 |    43 |   150 ||   209
